 Dungeon Crawl Stone Soup version 0.21-a0-529-g8c7b3f5 (webtiles) character file.

63 slep the Chopper (level 4, -3/23 HPs)
             Began as a Vine Stalker Gladiator on Dec 10, 2017.
             Killed from afar by an orc wizard (5 damage)
             ... with a magic dart
             ... on level 2 of the Dungeon.
             The game lasted 00:02:15 (828 turns).

slep the Chopper (Vine Stalker Gladiator)            Turns: 828, Time: 00:02:15

Health: -3/23      AC:  4    Str: 17    XL:     4   Next: 9%
Magic:  0/5        EV: 13    Int:  8    God:
Gold:   117        SH:  0    Dex: 16    Spells: 3/3 levels left

rFire    . . .     SeeInvis .   a - +0 war axe
rCold    . . .     Gourm    .   (no shield)
rNeg     . . .     Faith    .   b - +0 leather armour
rPois    .         Spirit   +   c - +0 helmet
rElec    .         Reflect  .   (no cloak)
rCorr    .         Harm     .   (no gloves)
MR       .....                  (no boots)
Stlth    +.........             (no amulet)
HPRegen  0.47/turn              (no ring)
MPRegen  0.09/turn              (no ring)

@: confused
A: fangs 2, regeneration 1, magic shield, antimagic bite, no potion heal 3, rot
immunity
a: no special abilities


You were on level 2 of the Dungeon.
You were not hungry.

You visited 1 branch of the dungeon, and saw 2 of its levels.

You collected 117 gold pieces.

Inventory:

Hand Weapons
 a - a +0 war axe (weapon)
Missiles
 d - 4 throwing nets (quivered)
Armour
 b - a +0 leather armour (worn)
 c - a +0 helmet (worn)
Scrolls
 e - a scroll of identify {unknown}
 h - 2 scrolls of remove curse {unknown}
 i - a scroll of fear {unknown}
 j - a scroll of teleportation {unknown}
Potions
 g - a potion of heal wounds {unknown}
 k - a potion of curing {unknown}
Comestibles
 f - 2 bread rations


   Skills:
 + Level 2.0 Fighting
 + Level 3.4 Axes
 + Level 2.1 Throwing
 + Level 0.4 Armour
 + Level 3.0 Dodging


You had 3 spell levels left.
You didn't know any spells.

Dungeon Overview and Level Annotations

Branches:
Dungeon (2/15)

Altars:


Innate Abilities, Weirdness & Mutations

You have extremely sharp teeth.
Your natural rate of healing is unusually fast.
When hurt, damage is shared between your health and your magic reserves.
Your bite disrupts and absorbs the magic of your enemies.
Potions cannot restore your health.
You are immune to rotting.


Message History

You hear some strange, mumbled words.
You are more confused.
Things that are here:
a mace; a ring mail You bump into the rock wall.
The jackal misses you. The adder bites you but does no damage.
Something hits you.
You closely miss something. You bite something. You drain its magic.
You feel invigorated.
You miss the adder. You barely miss the jackal. The jackal bites you.
The adder closely misses you.
You hear some strange, mumbled words.
A magic dart appears from out of thin air!
The magic dart hits you!
* * * LOW HITPOINT WARNING * * *
The jackal barely misses you. The adder closely misses you.
The jackal barely misses you. The jackal bites you.
* * * LOW HITPOINT WARNING * * *
A magic dart appears from out of thin air!
The magic dart hits you!
You die...

#.. .... #.. ....
#. ... ..... #.#
####.# .....
...#..#.# ......
###.#..#.##l.....
.........)hSg..%.
.........hSo.....
##.#%..@##h.....
# # ##...# ......
#.###.##...#
.....
#####.#........#
.....
..>....#####.#.#
####
..........†....#
.(.....#####.###
...[... #.#
####### #.#


You could see 2 adders, an orc, 2 jackals, a goblin and a frilled lizard.

Vanquished Creatures
  An adder (D:2)
  2 worms (D:2)
  3 dart slugs (D:1)
  3 orcs (D:2)
  3 bats
  3 giant cockroaches (D:1)
  5 goblins
  6 hobgoblins
  3 jackals (D:1)
  A kobold (D:1)
  A quokka (D:2)
  3 frilled lizards (D:1)
34 creatures vanquished.

Notes
Turn   | Place    | Note
-------+----------+-------------------------------------------
     0 | D:1      | slep the Vine Stalker Gladiator began the quest for the Orb.
     0 | D:1      | Reached XP level 1. HP: 11/11 MP: 2/2
    32 | D:1      | Reached XP level 2. HP: 13/15 MP: 0/3
   309 | D:1      | Reached XP level 3. HP: 16/18 MP: 4/4
   819 | D:2      | Gained mutation: Your natural rate of healing is unusually fast. [Vine Stalker growth]
   819 | D:2      | Reached XP level 4. HP: 20/23 MP: 5/5
   828 | D:2      | Killed from afar by an orc wizard

Vault maps used:
D:1:      mrwooster_arrival_arrow, serial_park_tiny_pond

Skill      XL: |  1  2  3 |
---------------+----------+-----
Throwing       | 2 |  2.1
Axes           | 3 |  3.4
Dodging        | 3 |  3.0
Fighting       | 2 |  2.0
Armour         | |  0.4

Action                   |  1- 3 |  4- 6 || total
-------------------------+-------+-------++-------
Melee: War axe           |    67 |     5 ||    72
       Bite              |    18 |     3 ||    21
Armor: Leather armour    |    20 |     3 ||    23
Dodge: Dodged            |    50 |     7 ||    57

Table legend:
 A = Spawn XP
 B = Non-spawn XP
 C = Spawn XP percentage of total XP
 D = Spawn monster count
 E = Non-spawn monster count
 F = Spawn count percentage of total count
 G = Total turns spent on level
                    A         B        C        D         E        F      G
               +---------+---------+-------+---------+---------+-------+---------
         Total |       0 |      90 |   0.0 |       0 |      34 |   0.0 |   828
               +---------+---------+-------+---------+---------+-------+---------
           D:1 |       0 |      49 |   0.0 |       0 |      23 |   0.0 |   776
           D:2 |       0 |      41 |   0.0 |       0 |      11 |   0.0 |    52
               +---------+---------+-------+---------+---------+-------+---------
